 Dungeon Crawl Stone Soup version 0.20.1-1-g8b1a95d (webtiles) character file.

91 Chaoticas the Chopper (level 4, -2/35 HPs)
             Began as a Demonspawn Fighter on July 24, 2017.
             Succumbed to an orc wizard's poison
             ... on level 3 of the Dungeon.
             The game lasted 00:03:16 (1912 turns).

Chaoticas the Chopper (Demonspawn Fighter)          Turns: 1912, Time: 00:03:17

Health: -2/35      AC:  6    Str: 17    XL:     4   Next: 34%
Magic:  4/4        EV:  8    Int: 10    God:
Gold:   200        SH:  8    Dex: 12    Spells: 3/3 levels left

rFire    + . .     SeeInvis .   a - +0 war axe
rCold    . . .     Gourm    .   c - +0 shield
rNeg     . . .     Faith    .   b - +0 scale mail
rPois    .         Spirit   .   (no helmet)
rElec    .         Reflect  .   (no cloak)
rCorr    .         Harm     .   (no gloves)
MR       .....                  (no boots)
Stlth    ..........             (no amulet)
Regen    0.2/turn               (no ring)
MPRegen  0.1/turn               (no ring)

@: lethally poisoned (-2 -> -23), slowed, very slow
A: claws 1, repulsion field 1, fire resistance 1
a: no special abilities


You were on level 3 of the Dungeon.
You were hungry.

You visited 1 branch of the dungeon, and saw 3 of its levels.

You collected 200 gold pieces.

Inventory:

Hand Weapons
 a - a +0 war axe (weapon)
Missiles
 e - 4 tomahawks (quivered)
Armour
 b - a +0 scale mail (worn)
 c - a +0 shield (worn)
 o - a +0 helmet
   (You took it off Robin on level 2 of the Dungeon)
Scrolls
 f - 4 scrolls of amnesia {unknown}
 h - a scroll of teleportation {unknown}
 i - a scroll of noise {unknown}
 j - 2 scrolls of identify {unknown}
 l - a scroll of magic mapping {unknown}
 r - a scroll of blinking {unknown}
 u - 2 scrolls of enchant weapon {unknown}
 x - a scroll of remove curse {unknown}
Potions
 d - 2 potions of might
 k - 2 potions of curing {unknown}
 m - a potion of haste {@q3}
 n - 2 potions of invisibility {unknown}
 s - a potion of mutation {unknown}
 t - a potion of resistance {unknown}
 v - a potion of magic {unknown}
 w - a potion of heal wounds {unknown}
Comestibles
 g - a royal jelly
 p - a meat ration
 q - 2 bread rations
 z - a chunk of flesh


   Skills:
 - Level 3.0 Fighting
 * Level 4.2 Axes
 - Level 2.6 Armour
 - Level 2.6 Shields


You had 3 spell levels left.
You didn't know any spells.

Dungeon Overview and Level Annotations

Branches:
Dungeon (3/15)

Altars:


Innate Abilities, Weirdness & Mutations

You have sharp fingernails.
You are surrounded by a mild repulsion field. (EV +2)
Your flesh is heat resistant. (rF+)


Message History

You kill the orc!
The orc wizard casts a spell.
The orc wizard blinks!
You slash the orc!
The orc wizard points at you and mumbles some strange words.
The magic dart hits you! You block the orc's attack.
The orc wizard points at you and mumbles some strange words.
You resist with some effort. You block the orc's attack.
You closely miss the orc. The orc wizard casts a spell at you.
You feel yourself slow down. The orc hits you with a dagger.
Unknown command.
You closely miss the orc. The orc barely misses you.
The orc wizard points at you and mumbles some strange words.
The magic dart hits you! The orc hits you but does no damage.
You slash the orc!
You kill the orc!
The orc wizard gestures at you while chanting.
The magic dart hits you! The orc hits you.
You slash the orc!
You kill the orc!
The orc wizard points at you and mumbles some strange words.
The magic dart hits you!
* * * LOW HITPOINT WARNING * * *
The orc wizard barely misses you.
You hit the orc wizard but do no damage.
The orc wizard hits you but does no damage.
You are poisoned.
The orc wizard hits you but does no damage. x2
You slash the orc wizard!
You feel sick.
The orc wizard hits you but does no damage.
You are lethally poisoned!
The orc wizard barely misses you.
The orc wizard hits you but does no damage.
You barely miss the orc wizard.
* * * LOW HITPOINT WARNING * * *
You feel very sick.
The orc wizard hits you but does no damage. x2
You are more poisoned.
You block the orc wizard's attack. x2
You barely miss the orc wizard.
* * * LOW HITPOINT WARNING * * *
You feel very sick.
The orc wizard gestures at you while chanting.
The magic dart hits you!
* * * LOW HITPOINT WARNING * * *
You block the orc wizard's attack.
You closely miss the orc wizard.
You die...

....# #.##+##.# ....#
#.......#
....##.######.......#
..#.##..............#
..#.##########......#
#.#.# #......# #...#
#......# .. ###o##.#
#@# .# #)# #........#
#........# #........#
#........# +........#
#........# #.........


You could see an orc wizard.

Vanquished Creatures
  Robin (D:2)
  An adder (D:2)
  A worm (D:2)
  A dart slug (D:1)
  2 leopard geckos
  5 orcs (D:3)
  3 giant cockroaches
  16 goblins
  3 hobgoblins
  A quokka (D:3)
  A ball python (D:2)
  7 bats
  5 frilled lizards
  3 kobolds
  7 rats
57 creatures vanquished.

Notes
Turn   | Place    | Note
-------+----------+-------------------------------------------
     0 | D:1      | Chaoticas the Demonspawn Fighter began the quest for the Orb.
     0 | D:1      | Reached XP level 1. HP: 18/18 MP: 1/1
    26 | D:1      | Reached skill level 2 in Axes
   193 | D:1      | Gained mutation: Your flesh is heat resistant. (rF+) [demonic ancestry]
   193 | D:1      | Reached XP level 2. HP: 21/24 MP: 2/2
   678 | D:1      | Reached skill level 3 in Axes
   841 | D:2      | Gained mutation: You are surrounded by a mild repulsion field. (EV +2) [demonic ancestry]
   841 | D:2      | Reached XP level 3. HP: 29/29 MP: 3/3
   844 | D:2      | Noticed Robin
   868 | D:2      | Killed Robin
  1589 | D:2      | Gained mutation: You have sharp fingernails. [demonic ancestry]
  1589 | D:2      | Reached XP level 4. HP: 29/35 MP: 4/4
  1651 | D:3      | Reached skill level 4 in Axes
  1911 | D:3      | HP: 1/35 [orc wizard/magic dart (6)]
  1912 | D:3      | Succumbed to an orc wizard's poison

Skill      XL: |  1  2  3  4 |
---------------+-------------+-----
Axes           | 2 3 4 |  4.2
Fighting       | |  3.0
Armour         | |  2.6
Shields        | |  2.6

Action                   |  1- 3 |  4- 6 || total
-------------------------+-------+-------++-------
Melee: War axe           |   121 |    59 ||   180
  Eat: Chunk             |     2 |     1 ||     3
Armor: Scale mail        |    61 |    33 ||    94
Dodge: Dodged            |    32 |    20 ||    52
Block: Shield            |    78 |    25 ||   103
